 Dungeon Crawl Stone Soup version 0.19.5 (webtiles) character file.

66 uhmor the Caller (level 3, -1/27 HPs)
             Began as a Centaur Summoner on May 10, 2017.
             Killed from afar by an orc wizard (4 damage)
             ... with a magic dart
             ... on level 3 of the Dungeon.
             The game lasted 00:22:23 (1759 turns).

uhmor the Caller (Centaur Summoner)                 Turns: 1759, Time: 00:22:24

Health: -1/27      AC:  5    Str: 10    XL:     3   Next: 96%
Magic:  2/6        EV:  8    Int: 15    God:
Gold:   41         SH:  0    Dex:  9    Spells: 1 memorised, 5 levels left

rFire  . . .     SeeInvis .     q - +1 whip (freeze)
rCold  . . .     Gourm    .     v - +0 ring mail
rNeg   . . .     Faith    .     (no shield)
rPois  .         Spirit   .     (no helmet)
rElec  .         Reflect  .     (no cloak)
rCorr  .         Harm     .     (no gloves)
MR     .....                    (no barding)
Stlth  ..........               (no amulet)
                                (no ring)
                                (no ring)

@: very slightly contaminated, slowed
A: hooves 3, deformed body, speed 2, tough skin 3
a: no special abilities


You were on level 3 of the Dungeon.
You were not hungry.

You visited 1 branch of the dungeon, and saw 3 of its levels.

You collected 41 gold pieces.

Inventory:

Hand Weapons
 e - a +0 dagger
 f - a +0 club
 l - a +0 mace
 q - a +1 whip of freezing (weapon)
Missiles
 d - 35 stones (quivered)
 h - 20 arrows
 m - 24 sling bullets
Armour
 a - a +0 robe
 u - a +0 leather armour
 v - a +0 ring mail (worn)
 x - a +0 ring mail
 z - a +0 chain mail
 A - a +0 robe
Wands
 y - a wand of random effects (19/48)
Scrolls
 i - 2 scrolls of teleportation {unknown}
 k - a scroll of noise {unknown}
 p - a scroll of remove curse {unknown}
 w - 2 scrolls of identify {unknown}
Potions
 j - a potion of invisibility {unknown}
 o - a potion of might {unknown}
 r - a potion of haste {unknown}
 t - a potion of lignification {unknown}
Books
 b - a book of Callings

   Spells                             Type                      Level
   a - Summon Small Mammal            Summoning                    1
   b - Call Imp                       Summoning                    2
   c - Call Canine Familiar           Summoning                    3
   d - Summon Guardian Golem          Hexes/Summoning              3
   e - Summon Lightning Spire         Summoning/Air                4
   f - Summon Ice Beast               Ice/Summoning                4
Comestibles
 c - 3 bread rations
 n - a slice of pizza
 s - a meat ration


   Skills:
 + Level 0.4 Fighting
 + Level 0.3 Maces & Flails
 * Level 0.1 Armour
 + Level 1.5 Dodging
 + Level 1.1 Stealth
 * Level 2.1 Spellcasting
 * Level 4.4 Summonings


You had 5 spell levels left.
You knew the following spells:

 Your Spells              Type           Power        Failure   Level  Hunger
a - Summon Small Mammal   Summ           ##..         12%         1    #......


Dungeon Overview and Level Annotations

Branches:
Dungeon (3/15)

Altars:


Innate Abilities, Weirdness & Mutations

You have hooves in place of feet.
Armour fits poorly on your strangely shaped body.
You cover ground very quickly.
You have extremely tough skin. (AC +3)


Message History

The orc wizard hits you but does no damage.
Your quokka barely misses the orc wizard.
Your quokka misses the orc wizard.
The orc wizard hits you but does no damage.
You hit the orc wizard but do no damage.
Your kick misses the orc wizard.
The orc wizard is heavily wounded.
Your bat hits the orc wizard but does no damage.
The orc wizard barely misses you.
Your quokka bites the orc wizard.
Your quokka misses the orc wizard.
The orc wizard hits you but does no damage.
Your quokka bites the orc wizard but does no damage.
Your quokka closely misses the orc wizard.
You hit the orc wizard but do no damage.
The orc wizard is severely wounded.
Your bat barely misses the orc wizard.
The orc wizard barely misses you.
Your quokka closely misses the orc wizard. x2
The orc wizard points at you and mumbles some strange words.
The magic dart hits you!
You die...

#.# #.# #.# .#$#
#.# .#.## #.#
###....# #.#
#....... #.#
#......#
#.###...#.##
#.@........#
#####.ro..b)...#
.......r........#
##########....###
#...#.# ....# .#
###... .. ###. #
#


You could see an orc wizard, 2 friendly quokkas and a friendly bat.

Vanquished Creatures
  2 adders (D:2)
  2 dart slugs
  A leopard gecko (D:1)
  5 bats
  A giant cockroach (D:2)
  A goblin (D:3)
  A hobgoblin (D:1)
  A jackal (D:2)
  2 frilled lizards
  2 kobolds
  2 rats
20 creatures vanquished.

Vanquished Creatures (collateral kills)
  An adder (D:3)
  2 worms (D:2)
  2 dart slugs (D:1)
  5 goblins
  3 hobgoblins (D:1)
  A jackal (D:2)
  4 bats
  3 frilled lizards
  2 kobolds
  4 rats
27 creatures vanquished.

Grand Total: 47 creatures vanquished

Notes
Turn   | Place    | Note
-------+----------+-------------------------------------------
     0 | D:1      | uhmor the Centaur Summoner began the quest for the Orb.
     0 | D:1      | Reached XP level 1. HP: 14/14 MP: 3/3
   357 | D:1      | Reached XP level 2. HP: 20/20 MP: 0/4
   440 | D:1      | Reached skill level 4 in Summonings
   959 | D:2      | Reached XP level 3. HP: 26/26 MP: 3/5
  1759 | D:3      | Killed from afar by an orc wizard

Skill      XL: |  1  2  3 |
---------------+----------+-----
Summonings     | 4 |  4.4
Spellcasting   | 2 |  2.1
Fighting       | |  0.4
Maces & Flails | |  0.3
Armour         | |  0.1
Dodging        | |  1.5
Stealth        | |  1.1

Action                   || total
-------------------------++-------
Melee: Dagger            ||    23
       Kick              ||    13
       Whip              ||    73
       Mace              ||     7
 Cast: Summon Small Mamm ||    63
  Eat: Chunk             ||     3
Armor: Robe              ||    27
       Ring mail         ||    22
Dodge: Dodged            ||    60
